 Dungeon Crawl Stone Soup version 0.25-b1-46-gb8a1ec05df (webtiles) character file.

Game seed: 18310100500821782870

66 Descartes the Magician (level 3, -9/19 HPs)
             Began as a Deep Elf Wizard on June 11, 2020.
             Killed from afar by an orc wizard (10 damage)
             ... with a magic dart
             ... on level 4 of the Dungeon.
             The game lasted 00:04:47 (2357 turns).

Descartes the Magician (Deep Elf Wizard)            Turns: 2357, Time: 00:04:48

Health: -9/19      AC:  3    Str:  4    XL:     3   Next: 96%
Magic:  4/11       EV: 12    Int: 23    God:
Gold:   42         SH:  0    Dex: 13    Spells: 9/12 levels left

rFire    . . .     SeeInvis .   c - +0 short sword
rCold    . . .     Gourm    .   (no shield)
rNeg     . . .     Faith    .   l - +0 leather armour (curse)
rPois    .         Spirit   .   b - +0 hat
rElec    .         Reflect  .   (no cloak)
rCorr    .         Harm     .   (no gloves)
MR       .....                  (no boots)
Stlth    ++........             (no amulet)
HPRegen  0.06/turn              (no ring)
MPRegen  0.12/turn              (no ring)

@: lethally poisoned (-9 -> -18), very slightly contaminated
A: no striking features
a: no special abilities


You were on level 4 of the Dungeon.
You were not hungry.

You visited 1 branch of the dungeon, and saw 3 of its levels.

You collected 42 gold pieces.

Inventory:

Hand Weapons
 c - a +0 short sword (weapon)
Missiles
 e - 65 stones (quivered)
Armour
 a - a +0 robe
 b - a +0 hat (worn)
 l - a cursed +0 leather armour (worn)
Jewellery
 n - a +6 ring of strength {unknown}
Scrolls
 m - 3 scrolls of identify {unknown}
 o - a scroll of enchant weapon {unknown}
Potions
 f - a potion of stabbing {unknown}
 g - a potion of brilliance {unknown}
 h - 2 potions of might {unknown}
 i - a potion of heal wounds {unknown}
 j - 2 potions of cancellation {unknown}
 k - a potion of degeneration {unknown}
 p - 2 potions of curing {unknown}
Comestibles
 d - 2 rations


   Skills:
 + Level 3.2 Dodging
 + Level 3.3 Stealth
 + Level 5.0 Spellcasting
 + Level 2.1 Conjurations
   Level 1.1 Summonings
 + Level 1.8 Translocations


You had 9 spell levels left.
You knew the following spells:

 Your Spells              Type           Power        Failure   Level  Hunger
a - Magic Dart            Conj           ###.         7%          1    None
b - Blink                 Tloc           N/A          12%         2    None

Your spell library contained the following spells:

 Spells                   Type           Power        Failure   Level  Hunger
 Call Imp                 Summ           ##......     16%         2    None
 Slow                     Hex            #.......     26%         2    None
 Conjure Flame            Conj/Fire      ##......     32%         3    ##.....
 Mephitic Cloud           Conj/Pois/Air  #.......     36%         3    ##.....


Dungeon Overview and Level Annotations

Branches:
Dungeon (2/15)

Altars:
Nemelex Xobeh


Message History

An orc comes into view.
It is wielding a +0 hand axe and quivering 8 poisoned darts.
Found an escape hatch in the floor.
An orc wizard comes into view. It is wielding a +0 dagger of venom.
The orc shouts!
Casting: Blink (safe; 12% risk of failure)
Confirm with . or Enter, or press ? or * to list all spells.
You miscast Blink.
You are very lightly contaminated with residual magic.
Nothing appears to happen.
Casting: Blink (safe; 12% risk of failure)
Confirm with . or Enter, or press ? or * to list all spells.
You blink.
The orc wizard mumbles some strange words.
The orc wizard blinks!
The orc throws a poisoned dart.
The poisoned dart hits you!
You are lethally poisoned!
The orc wizard gestures at you while chanting.
The magic dart hits you!
Ouch! That really hurt!
You die...

#. #. #. #..#. #
####.##. .##
..#o##.## ..#
#.#.##..## #.#
###...###@.### #.###
#.....o......#
#...####....O.o.....#
#.#...##...§o....>..#
.........##o###.....#
#...........# #.....#
#...........# #######
#...........#
#........(..#


You could see an ogre, an orc wizard (fast) and 3 orcs.

Vanquished Creatures
  A hound (D:1)
  A howler monkey zombie (D:2)
  A leopard gecko (D:1)
  3 giant cockroaches
  3 hobgoblins
  2 jackals (D:1)
  3 kobolds (D:1)
  4 bats
  4 goblins
  4 rats (D:1)
26 creatures vanquished.

Notes
Turn   | Place    | Note
-------+----------+-------------------------------------------
     0 | D:1      | Descartes the Deep Elf Wizard began the quest for the Orb.
     0 | D:1      | Reached XP level 1. HP: 10/10 MP: 7/7
   316 | D:1      | Reached XP level 2. HP: 15/15 MP: 4/9
   361 | D:1      | Learned a level 2 spell: Blink
   978 | D:2      | Reached XP level 3. HP: 12/19 MP: 0/11
  1219 | D:2      | Noticed a phantom
  2022 | D:2      | Noticed a bullfrog
  2046 | D:1      | Reached skill level 5 in Spellcasting
  2331 | D:2      | You fall into a shaft and drop 2 floors!
  2331 | D:4      | Found a sparkling altar of Nemelex Xobeh.
  2331 | D:4      | Noticed an ogre
  2357 | D:4      | Killed from afar by an orc wizard

Illustrated notes

Levels and vault maps discovered:
D:1:      dpeg_arrival_leaves_temple_mockup, layout_rooms, minivault_4,
          chequers_serial_rivers_small_3
D:2:      layout_basic, yredelemnul_altar_generic
D:4:      layout_rooms, old_standard_altar, zin_academy,
          kiku_gazebo_pond_becter, first_ration

Skill      XL: |  1  2  3 |
---------------+----------+-----
Stealth        | 3 |  3.3
Dodging        | 3 |  3.2
Spellcasting   | 5 |  5.0
Conjurations   | 2 |  2.1
Summonings     | |  1.1
Translocations | |  1.8

Action                   || total
-------------------------++-------
Melee: Short sword       ||    20
 Cast: Magic Dart        ||   104
       Blink             ||     2
  Eat: Ration            ||     1
       Chunk             ||     1
Armor: Robe              ||     1
       Leather armour    ||    10
Dodge: Dodged            ||    29
